 Dungeon Crawl Stone Soup version 0.28.0-53-g5a82cb258f (webtiles) character file.

Game seed: 4609297516079210615

88 MiltankisOP the Sneak (level 4, 0/26 HPs)
             Began as a Kobold Brigand on June 17, 2022.
             Slain by an orc wizard
             ... wielding a +1 dagger of venom
              (1 damage)
             ... on level 3 of the Dungeon.
             The game lasted 00:03:05 (2613 turns).

MiltankisOP the Sneak (Kobold Brigand)              Turns: 2613, Time: 00:03:05

Health: 0/26       AC:  3    Str:  8    XL:     4   Next: 82%
Magic:  4/4        EV: 15    Int: 12    God:
Gold:   77         SH:  0    Dex: 18    Spells: 3/3 levels left

rFire   . . .      SeeInvis .   a - +2 dagger
rCold   . . .      Faith    .   (no shield)
rNeg    . . .      Spirit   .   b - +0 robe
rPois   .          Reflect  .   (no helmet)
rElec   .          Harm     .   c - +0 cloak
rCorr   .          Rampage  .   (no gloves)
Will    .....                   (no boots)
Stlth   +++++.....              (no amulet)
HPRegen 0.08/turn               (no ring)
MPRegen 0.09/turn               (no ring)

@: lethally poisoned (0 -> -16)
A: small, no large weapons, nightstalker 3
a: no special abilities


You were on level 3 of the Dungeon.
You visited 1 branch of the dungeon, and saw 3 of its levels.

You collected 77 gold pieces.

Inventory:

Hand Weapons
 a - a +2 dagger (weapon)
Missiles
 d - 15 poisoned darts
 e - 3 curare-tipped darts (quivered)
Armour
 b - a +0 robe (worn)
 c - a +0 cloak (worn)
Scrolls
 f - a scroll of fear {unknown}
 h - a scroll of blinking {unknown}
 j - 2 scrolls of teleportation {unknown}
 k - a scroll of silence {unknown}
 p - a scroll of enchant weapon {unknown}
Potions
 g - a potion of degeneration {unknown}
 i - a potion of might {unknown}
 l - a potion of heal wounds {unknown}
 n - a potion of haste {unknown}
 o - a potion of lignification {unknown}


   Skills:
 - Level 2.1 Fighting
 + Level 3.1 Short Blades
 - Level 2.1 Throwing
 - Level 3.1 Dodging
 * Level 7.0 Stealth


You had 3 spell levels left.
You didn't know any spells.
Your spell library was empty.

Dungeon Overview and Level Annotations

Branches:
Dungeon (3/15)

Altars:


Innate Abilities, Weirdness & Mutations

You are small and have problems with some larger weapons.
You are completely attuned to the shadows.


Message History

The orc wizard hits you but does no damage.
You are poisoned.
You feel sick.
Jessica zaps a wand.
You hear a grinding noise.
You feel sick.
You feel sick.
Jessica zaps a wand.
Some rock shatters into small pieces.
The now-empty wand crumbles to dust.
The orc wizard casts a spell at you.
You are confused.
You feel sick.
You feel sick.
You are no longer poisoned.
The orc wizard gestures at you while chanting.
The magic dart hits you.
* * * LOW HITPOINT WARNING * * *
Jessica misses you.
You hit Jessica.
Jessica is severely wounded.
Jessica hits you with a +0 dagger.
* * * LOW HITPOINT WARNING * * *
You hit Jessica but do no damage.
Jessica is severely wounded.
You feel less confused. Jessica closely misses you.
You hit Jessica.
You kill Jessica!
Your Short Blades skill increases to level 3!
Your Stealth skill increases to level 7!
You feel better.
The orc wizard hits you with a +1 dagger of venom.
You are lethally poisoned!
You closely miss the orc wizard.
You feel sick.
The orc wizard hits you with a +1 dagger of venom.
* * * LOW HITPOINT WARNING * * *
You are more poisoned.
You closely miss the orc wizard. Your punch misses the orc wizard.
* * * LOW HITPOINT WARNING * * *
You feel very sick.
The orc wizard hits you with a +1 dagger of venom.
You die...

...# #..#
#o..# ..##
##.# #.###
#.#
#.##.).#
#.#
###.....#
#.#####
......@..#
#......
####..o.##
##...#
###..#
...#.#
#.######
†....#
#.o@....
.......
########
.....#.
.....#
.....
.....
.)...
.....
.....


You could see an orc wizard.

Vanquished Creatures
  Jessica (D:3)
  An adder (D:2)
  2 worms (D:2)
  2 dart slugs
  An orc (D:3)
  2 endoplasms
  A giant cockroach (D:1)
  4 goblins
  4 hobgoblins
  4 jackals (D:1)
  6 ball pythons
  4 bats
  A frilled lizard (D:2)
  5 kobolds
  2 rats
40 creatures vanquished.

Notes
Turn   | Place    | Note
-------+----------+-------------------------------------------
     0 | D:1      | MiltankisOP the Kobold Brigand began the quest for the Orb.
     0 | D:1      | Reached XP level 1. HP: 12/12 MP: 1/1
   261 | D:1      | Reached XP level 2. HP: 17/17 MP: 2/2
   611 | D:1      | Reached skill level 6 in Stealth
   611 | D:1      | Reached XP level 3. HP: 12/21 MP: 3/3
  1907 | D:2      | Reached XP level 4. HP: 26/26 MP: 4/4
  2582 | D:3      | Noticed Jessica
  2608 | D:3      | HP: 1/26 [Jessica/+0 dagger (3)]
  2610 | D:3      | Killed Jessica
  2611 | D:3      | Reached skill level 7 in Stealth
  2613 | D:3      | HP: 1/26 [poisoned by an orc wizard]
  2613 | D:3      | Slain by an orc wizard

Illustrated notes

Levels and vault maps discovered:
D:1:      wander_arrival_peaceful_grave, layout_rooms, minmay_liquid_box
D:2:      layout_loops_corners, st_stairs_5
D:3:      layout_rooms, corexii_item_surrounded_by_moat, uniq_jessica

Skill      XL: |  1  2  3  4 |
---------------+-------------+-----
Dodging        | 2 3 |  3.1
Stealth        | 6 7 |  7.0
Short Blades   | 3 |  3.1
Fighting       | |  2.1
Throwing       | |  2.1

Action                   |  1- 3 |  4- 6 || total
-------------------------+-------+-------++-------
Melee: Dagger            |    78 |    39 ||   117
Throw: Dart              |    14 |       ||    14
  Use: Potion            |       |     3 ||     3
 Stab: Sleeping          |    12 |     7 ||    19
       Distracted        |     3 |       ||     3
Armor: Robe              |     4 |     3 ||     7
Dodge: Dodged            |    36 |    15 ||    51
